General information
- name: BNet
- type: Ladder team game (AT/RT)
- host: Battle.net
- saver: Flashbang_Omnix
map: Deadlock
- players: 8
- length: 17:03
- speed: Fast
- version: 1.26 W3XP
- replay type: Public
» download(94 KB)
Players
team 1 (loser)
hongmylaoto (
teal | 51 APM | 872 actions | 16:58)
4 Keeper of the Grove
3 Entangling Roots
1 Force of Nature
1 Demon Hunter
1 Evasion
1 Mountain King
1 Thunder Clap
» actions
| Assign group hotkey | 1 | |
| Build / train | 113 | |
| Enter build submenu | 39 | |
| Enter hero's abilities submenu | 9 | |
| Remove unit from queue | 2 | |
| Right click | 283 | |
| Select / deselect | 346 | |
| Use ability | 79 | |
872 total
» units
| Wisp | 26 | |
| Peasant | 9 | |
| Rifleman | 4 | |
| Huntress | 6 | |
| Footman | 4 | |
| Archer | 16 | |
| Hippogryph | 11 | |
| Chimaera | 3 | |
| Gryphon Rider | 4 | |
83 total
» upgrades
| Masonry | 2 | |
| Swords | 2 | |
| Armor | 2 | |
| Moon Armor | 1 | |
| Strength of the Moon | 1 | |
| Reinforced Hides | 1 | |
| Strength of the Wild | 1 | |
| Hippogryph Taming | 1 | |
11 total
» buildings
| Moon Well | 7 | |
| Altar of Elders | 1 | |
| Hunter's Hall | 1 | |
| Ancient of War | 3 | |
| Barracks | 1 | |
| Scout Tower | 3 | |
| Farm | 7 | |
| Guard Tower | 3 | |
| Tree of Ages | 2 | |
| Keep | 1 | |
| Tree of Eternity | 1 | |
| Ancient of Wind | 3 | |
| Castle | 1 | |
| Gryphon Aviary | 3 | |
| Tree of Life | 2 | |
| Chimaera Roost | 5 | |
44 total
» build order
00:11 Moon Well
00:36 Altar of Elders
01:37 Hunter's Hall
02:04 Ancient of War
02:14 Moon Well
03:04 Barracks
03:27 Scout Tower
03:47 Scout Tower
03:51 Farm
04:01 Ancient of War
04:15 Guard Tower
05:10 Guard Tower
05:13 Scout Tower
05:15 Tree of Ages
06:07 Keep
06:10 Farm
06:17 Tree of Ages
06:24 Ancient of War
06:27 Moon Well
07:03 Guard Tower
07:06 Farm
07:44 Tree of Eternity
07:46 Ancient of Wind
07:47 Moon Well
08:40 Ancient of Wind
08:43 Ancient of Wind
08:47 Moon Well
09:02 Castle
09:05 Gryphon Aviary
09:08 Gryphon Aviary
09:10 Gryphon Aviary
09:13 Farm
09:35 Tree of Life
09:46 Moon Well
10:08 Farm
10:16 Chimaera Roost
10:18 Chimaera Roost
10:20 Chimaera Roost
10:22 Chimaera Roost
10:28 Chimaera Roost
10:44 Tree of Life
10:58 Farm
11:02 Farm
15:29 Moon Well

»
rc6000 (
yellow | 28 APM | 83 actions | 03:00)
1 Mountain King
1 Storm Bolt
» actions
| Build / train | 10 | |
| Enter build submenu | 8 | |
| Enter hero's abilities submenu | 1 | |
| Right click | 31 | |
| Select / deselect | 25 | |
| Use ability | 8 | |
83 total
» units
» buildings
| Altar of Kings | 2 | |
| Farm | 2 | |
| Blacksmith | 1 | |
| Barracks | 1 | |
| Lumber Mill | 1 | |
| Scout Tower | 1 | |
| Arcane Tower | 1 | |
9 total
» build order
00:14 Altar of Kings
00:17 Farm
00:20 Altar of Kings
00:26 Blacksmith
01:34 Barracks
02:05 Lumber Mill
02:14 Scout Tower
02:33 Farm
02:50 Arcane Tower
KODOS_FORSAKEN (
blue | 60 APM | 175 actions | 02:55)
» actions
| Assign group hotkey | 2 | |
| Basic commands | 2 | |
| Build / train | 12 | |
| Enter build submenu | 4 | |
| Right click | 84 | |
| Select / deselect | 60 | |
| Select group hotkey | 2 | |
| Use ability | 9 | |
175 total
» units
» upgrades
» buildings
| Lumber Mill | 1 | |
| Scout Tower | 3 | |
| Guard Tower | 2 | |
6 total
» build order
00:07 Lumber Mill
01:00 Scout Tower
01:14 Guard Tower
01:16 Scout Tower
01:34 Guard Tower
01:46 Scout Tower

»
hellfreeze (
green | 30 APM | 121 actions | 03:58)
1 Demon Hunter
1 Mana Burn
» actions
| Assign group hotkey | 6 | |
| Build / train | 13 | |
| Enter build submenu | 6 | |
| Enter hero's abilities submenu | 1 | |
| Right click | 24 | |
| Select / deselect | 39 | |
| Select group hotkey | 21 | |
| Use ability | 11 | |
121 total
» units
» buildings
| Moon Well | 3 | |
| Altar of Elders | 1 | |
| Ancient of War | 1 | |
| Hunter's Hall | 1 | |
6 total
» build order
00:09 Moon Well
00:24 Altar of Elders
00:38 Ancient of War
01:32 Moon Well
02:15 Hunter's Hall
02:37 Moon Well
team 2 (winner)
W.M]elemenT- (
orange | 64 APM | 1080 actions | 16:59)
4 Archmage
2 Summon Water Elemental
2 Brilliance Aura
4 Firelord
2 Summon Lava Spawn
2 Soul Burn
» actions
| Basic commands | 1 | |
| Build / train | 40 | |
| Enter build submenu | 15 | |
| Enter hero's abilities submenu | 8 | |
| Give item / drop item | 2 | |
| Remove unit from queue | 2 | |
| Right click | 729 | |
| Select / deselect | 238 | |
| Use ability | 45 | |
1080 total
» units
» upgrades
| Storm Hammers | 1 | |
| Swords | 2 | |
| Armor | 2 | |
5 total
» buildings
| Altar of Kings | 1 | |
| Farm | 6 | |
| Arcane Vault | 1 | |
| Keep | 1 | |
| Scout Tower | 1 | |
| Arcane Tower | 1 | |
| Lumber Mill | 1 | |
| Castle | 1 | |
| Gryphon Aviary | 3 | |
| Blacksmith | 2 | |
18 total
» build order
00:05 Altar of Kings
00:08 Farm
00:26 Arcane Vault
02:09 Keep
02:12 Scout Tower
02:28 Farm
03:01 Arcane Tower
04:05 Lumber Mill
04:34 Castle
06:13 Gryphon Aviary
06:14 Gryphon Aviary
06:17 Gryphon Aviary
06:25 Farm
06:26 Farm
06:29 Farm
06:30 Farm
10:49 Blacksmith
10:52 Blacksmith
» items
| Staff of Sanctuary | 1 | |
| Scroll of Town Portal | 1 | |
2 total
Flashbang_Omnix (
purple | 75 APM | 1283 actions | 17:03)
4 Dreadlord
2 Sleep
2 Vampiric Aura
» actions
| Basic commands | 97 | |
| Build / train | 43 | |
| ESC pressed | 3 | |
| Enter build submenu | 15 | |
| Enter hero's abilities submenu | 4 | |
| Right click | 909 | |
| Select / deselect | 173 | |
| Use ability | 39 | |
1283 total
» units
| Acolyte | 11 | |
| Ghoul | 7 | |
| Crypt Fiend | 7 | |
25 total
» upgrades
| Burrow | 1 | |
| Web | 2 | |
| Creature Attack | 1 | |
4 total
» buildings
| Crypt | 3 | |
| Altar of Darkness | 1 | |
| Ziggurat | 9 | |
| Graveyard | 1 | |
| Tomb of Relics | 2 | |
| Halls of the Dead | 1 | |
| Necropolis | 1 | |
| Spirit Tower | 3 | |
| Black Citadel | 1 | |
22 total
» build order
00:06 Crypt
00:10 Altar of Darkness
00:13 Ziggurat
03:59 Crypt
04:42 Ziggurat
04:42 Ziggurat
04:54 Graveyard
05:17 Tomb of Relics
05:52 Halls of the Dead
09:52 Necropolis
09:56 Ziggurat
09:58 Ziggurat
10:00 Ziggurat
10:06 Ziggurat
11:00 Spirit Tower
11:07 Tomb of Relics
11:12 Ziggurat
11:14 Ziggurat
13:16 Black Citadel
13:59 Spirit Tower
14:10 Spirit Tower
14:15 Crypt
» items
| Staff of Teleportation | 1 | |
| Boots of Speed | 1 | |
| Scroll of Town Portal | 1 | |
3 total

»
yentup12 (
pink | 26 APM | 441 actions | 16:59)
3 Blood Mage
2 Flame Strike
1 Siphon Mana
2 Archmage
1 Blizzard
1 Brilliance Aura
» actions
| Basic commands | 6 | |
| Build / train | 48 | |
| Enter build submenu | 31 | |
| Enter hero's abilities submenu | 5 | |
| Right click | 147 | |
| Select / deselect | 151 | |
| Use ability | 53 | |
441 total
» units
» upgrades
| Lumber Harvesting | 2 | |
| Storm Hammers | 1 | |
| Swords | 2 | |
| Armor | 3 | |
| Masonry | 1 | |
9 total
» buildings
| Altar of Kings | 1 | |
| Farm | 10 | |
| Lumber Mill | 1 | |
| Scout Tower | 5 | |
| Arcane Tower | 1 | |
| Guard Tower | 4 | |
| Keep | 1 | |
| Castle | 1 | |
| Gryphon Aviary | 4 | |
| Blacksmith | 1 | |
| Arcane Vault | 1 | |
| Town Hall | 3 | |
| Workshop | 1 | |
34 total
» build order
00:02 Altar of Kings
00:04 Farm
00:43 Lumber Mill
01:08 Scout Tower
01:38 Arcane Tower
01:40 Scout Tower
02:11 Guard Tower
02:44 Keep
06:09 Castle
06:12 Gryphon Aviary
06:13 Gryphon Aviary
06:16 Gryphon Aviary
06:18 Gryphon Aviary
06:54 Farm
06:56 Farm
06:58 Farm
07:02 Farm
07:25 Blacksmith
08:13 Arcane Vault
08:18 Farm
08:54 Farm
09:23 Farm
10:02 Farm
10:05 Farm
12:19 Town Hall
12:27 Town Hall
12:32 Scout Tower
13:18 Guard Tower
13:20 Scout Tower
14:07 Guard Tower
14:08 Scout Tower
14:43 Guard Tower
14:54 Town Hall
16:19 Workshop
WatchMeDoMe (
red | 54 APM | 917 actions | 16:59)
3 Keeper of the Grove
2 Force of Nature
1 Thorns Aura
1 Priestess of the Moon
1 Trueshot Aura
» actions
| Basic commands | 8 | |
| Build / train | 40 | |
| Enter build submenu | 13 | |
| Enter hero's abilities submenu | 4 | |
| Right click | 563 | |
| Select / deselect | 229 | |
| Use ability | 60 | |
917 total
» units
| Wisp | 9 | |
| Archer | 3 | |
| Huntress | 9 | |
| Druid of the Claw | 4 | |
25 total
» upgrades
| Strength of the Moon | 1 | |
| Moon Armor | 1 | |
| Druid of the Claw Training | 2 | |
| Mark of the Claw | 1 | |
| Strength of the Wild | 1 | |
6 total
» buildings
| Altar of Elders | 1 | |
| Moon Well | 6 | |
| Ancient of War | 1 | |
| Hunter's Hall | 1 | |
| Tree of Ages | 1 | |
| Ancient of Lore | 2 | |
| Tree of Eternity | 1 | |
| Ancient of Wind | 2 | |
15 total
» build order
00:21 Altar of Elders
00:34 Moon Well
01:15 Ancient of War
02:04 Moon Well
02:14 Hunter's Hall
02:46 Moon Well
03:43 Moon Well
05:16 Tree of Ages
07:10 Moon Well
08:23 Ancient of Lore
08:26 Ancient of Lore
08:27 Tree of Eternity
11:59 Moon Well
14:49 Ancient of Wind
14:53 Ancient of Wind
Chat log
(00:09 / Allies) yentup12: hi
(00:14 / All) W.M]elemenT-: kodos playing or lossbotting?
(00:22 / Allies) Flashbang_Omnix: kodos
(00:24 / Allies) Flashbang_Omnix: is gonna tower
(00:28 / Allies) Flashbang_Omnix: just like last game
(00:28 / Allies) yentup12: yup
(00:32 / Allies) yentup12: watch for it
(00:35 / Allies) W.M]elemenT-: lolol
(00:39 / Allies) W.M]elemenT-: if it doesn't work he leaves
(00:44 / Allies) yentup12: good
(00:47 / Allies) yentup12: lets not let it work
(00:53 / Allies) W.M]elemenT-: he's a semipro player
(00:54 / Allies) yentup12: lol
(01:01 / Allies) yentup12: tower up fast
(01:03 / Allies) W.M]elemenT-: zigg out front
(01:03 / Allies) yentup12: use ghoul
(01:12 / Allies) Flashbang_Omnix: gold me
(01:20 / Allies) yentup12: attack towers
(01:57 / Allies) yentup12: gj
(02:02 / Allies) W.M]elemenT-: micro
(02:53 / Allies) yentup12: gj
(02:57 / Allies) yentup12: hit his base
(03:03 / All) yentup12: awe
(03:23 / All) Flashbang_Omnix: oh hahaha
(03:25 / All) Flashbang_Omnix: gg?
(03:28 / All) yentup12: gg
(04:16 / Allies) Flashbang_Omnix: red
(04:32 / Allies) WatchMeDoMe: dont have tangle this time lol'
(05:02 / Allies) yentup12: almost lvl 2
(05:26 / All) WatchMeDoMe: gg
(06:06 / Allies) yentup12: gj
(07:06 / Allies) W.M]elemenT-: lol slow
(07:14 / Allies) Flashbang_Omnix: gold me plz
(07:36 / All) W.M]elemenT-: denied
(08:13 / Allies) WatchMeDoMe: damn purp u ran into my hero
(08:58 / Allies) Flashbang_Omnix: we losing?
(09:01 / Allies) WatchMeDoMe: orange dude, dont just give them free exp
(09:02 / Allies) W.M]elemenT-: lol no
(09:08 / Allies) W.M]elemenT-: wtf are you talking about
(09:24 / Allies) yentup12: ty
(09:26 / Allies) WatchMeDoMe: you had you flame dudes attack their heres
(09:33 / Allies) W.M]elemenT-: they give
(09:35 / Allies) W.M]elemenT-: 20 exp
(09:35 / Allies) W.M]elemenT-: per
(09:36 / Allies) W.M]elemenT-: stfu
(09:49 / Allies) WatchMeDoMe: and two of their heroes leveled up
(09:57 / Allies) W.M]elemenT-: cause that's totally from 2 elementals
(10:07 / Allies) W.M]elemenT-: noob
(10:08 / Allies) W.M]elemenT-: shhh
(10:29 / Allies) WatchMeDoMe: nah
(10:31 / Allies) WatchMeDoMe: ur a noob
(10:35 / Allies) Flashbang_Omnix: who?
(10:39 / Allies) W.M]elemenT-: you're 44-79
(10:41 / Allies) W.M]elemenT-: shut the fuck up
(10:49 / Allies) Flashbang_Omnix: just calm down
(10:53 / Allies) Flashbang_Omnix: we wanna win this do we?
(10:57 / Allies) WatchMeDoMe: im 44-79 because half the games i try to join i get d/c
(10:58 / Allies) W.M]elemenT-: idgaf
(11:02 / Allies) WatchMeDoMe: automatic loose
(11:09 / Allies) W.M]elemenT-: oh
(11:14 / Allies) W.M]elemenT-: not because you mix hunt and archer?
(11:23 / Allies) W.M]elemenT-: fucking clown
(11:28 / Allies) WatchMeDoMe: mixing that is fine u fucking idio
(12:14 / Allies) W.M]elemenT-: rofl lvl 1 bears
(13:09 / Allies) WatchMeDoMe: look bitch level 2
(13:12 / Allies) WatchMeDoMe: stfu
(13:18 / Allies) W.M]elemenT-: you're level 2?
(13:19 / Allies) W.M]elemenT-: grats
(13:27 / Allies) W.M]elemenT-: i have 2 level 3s
(13:46 / All) W.M]elemenT-: 5 roosts?
(13:48 / All) W.M]elemenT-: thefawk
(13:49 / Allies) yentup12: wtf
(13:52 / Allies) yentup12: mass hippos
(14:08 / Allies) W.M]elemenT-: ot's commin
(14:10 / Allies) W.M]elemenT-: for 1v4
(14:15 / Allies) W.M]elemenT-: mass hipps or gargs
(14:18 / Allies) W.M]elemenT-: and then go pure air
(15:05 / All) Flashbang_Omnix: just leave
(15:07 / All) Flashbang_Omnix: please
(15:15 / All) WatchMeDoMe: yeah orange is fucking annoying
(15:16 / All) Flashbang_Omnix: you've lost good players
(15:22 / All) W.M]elemenT-: yeah red is terribad
(16:09 / Allies) yentup12: incoming
(16:38 / Allies) WatchMeDoMe: web dude
(16:40 / Allies) WatchMeDoMe: webbbbbb